 Dungeon Crawl Stone Soup version 0.27.0-1-g7a089689b8 (webtiles) character file.

Game seed: 8148518571878856981

395 Crazydiamond the Covert (level 6, -4/41 HPs)
             Began as an Octopode Brigand on Aug 16, 2021.
             Was a Follower of Dithmenos.
             Slain by a phantom (7 damage)
             ... on level 4 of the Dungeon.
             The game lasted 00:12:57 (5408 turns).

Crazydiamond the Covert (Octopode Brigand)          Turns: 5408, Time: 00:12:58

Health: -4/41      AC:  1    Str: 10    XL:     6   Next: 82%
Magic:  6/6        EV: 13    Int: 14    God:    Dithmenos [*.....]
Gold:   83         SH:  0    Dex: 15    Spells: 5/5 levels left

rFire    . . .     SeeInvis .   a - +2 dagger
rCold    . . .     Faith    .   (no shield)
rNeg     . . .     Spirit   .   (helmet restricted)
rPois    .         Reflect  .   (no amulet)
rElec    .         Harm     .   (no ring)
rCorr    .         Rampage  .   (no ring)
Will     .....                  (no ring)
Stlth    ++++++....             (no ring)
HPRegen  0.13/turn              (no ring)
MPRegen  0.10/turn              (no ring)
                                (no ring)
                                (no ring)

@: wreathed by umbra
A: almost no armour, amphibious, 8 rings, camouflage 1, gelatinous body 1,
(nimble swimmer 1), tentacles
a: Renounce Religion


You were on level 4 of the Dungeon.
You worshipped Dithmenos.
Dithmenos was aware of your devotion.
You visited 1 branch of the dungeon, and saw 4 of its levels.

You collected 83 gold pieces.

Inventory:

Hand Weapons
 a - a +2 dagger (weapon)
Missiles
 b - 18 poisoned darts (quivered)
 j - 6 boomerangs
Jewellery
 d - a ring of flight
Wands
 h - a wand of flame (14)
Scrolls
 e - 3 scrolls of identify {unknown}
 f - a scroll of fear {unknown}
 g - a scroll of acquirement {unknown}
 i - a scroll of immolation {unknown}
Potions
 c - a potion of mutation {unknown}


   Skills:
 + Level 2.7 Fighting
 + Level 4.0 Short Blades
 + Level 2.7 Throwing
 + Level 1.7 Dodging
 + Level 8.7 Stealth


You had 5 spell levels left.
You didn't know any spells.
Your spell library contained the following spells:

 Spells                   Type           Power      Damage    Failure   Level
 Animate Skeleton         Necr           0%         N/A       28%         1
 Pain                     Necr           0%         1d4       28%         1
 Vampiric Draining        Necr           0%         2d6       65%         3


Dungeon Overview and Level Annotations

Branches:
Dungeon (4/15)
 Temple: D:4-7

Altars:
Dithmenos


Innate Abilities, Weirdness & Mutations

You cannot wear most types of armour.
You are amphibious.
You can wear up to eight rings at the same time.
Your skin changes colour to match your surroundings (Stealth+).
Your rubbery body absorbs attacks. (AC +1, EV +1)
((You are camouflaged near water. (Stealth+)))
You have tentacles for arms and can constrict up to eight enemies at once.


Message History

The phantom is moderately damaged.
The phantom closely misses you.
You hit the phantom.
The phantom is moderately damaged.
You closely miss the phantom.
The phantom is moderately damaged.
The phantom hits you.
You hit the phantom. Your squeeze misses the phantom.
The phantom is heavily damaged.
The phantom hits you.
* * * LOW HITPOINT WARNING * * *
You hit the phantom.
The phantom is heavily damaged.
The phantom misses you.
You closely miss the phantom. Your squeeze misses the phantom.
The phantom is heavily damaged.
The phantom closely misses you.
You completely miss the phantom. Your squeeze misses the phantom.
The phantom is heavily damaged.
You barely miss the phantom.
The phantom is heavily damaged.
The phantom barely misses you.
You hit the phantom. Your squeeze misses the phantom.
The phantom is severely damaged.
The phantom hits you but does no damage.
You hit the phantom but do no damage. You squeeze the phantom.
The phantom is almost destroyed.
The phantom hits you!
* * * LOW HITPOINT WARNING * * *
The phantom blinks!
You blink.
You barely miss the phantom.
The phantom is almost destroyed.
The phantom closely misses you.
Okay, then.
Aiming: Throw Flame
Press: ? - help, Shift-Dir - straight line, f - phantom
Aim: a phantom (almost destroyed, umbra, 56% to hit)
The puff of flame misses the phantom.
The phantom hits you!
You die...

#..#.#..#........ ##.
#.###.#.......... ....
#.###...†....... .....#
#..####.#)...... ..#...
#..####...>#.... .
.....###....#..#..#
.....
#.....#.......#.#..#...#
#..........##W##......
##..........@#..##...
#.<........#..## ..
##..####.#.##### .
#####...# ####.#
........# #. ######..#
#..# ...# .###


You could see a phantom.

Vanquished Creatures
  A black bear (D:3)
  A hound (D:4)
  Terence (D:3)
  Natasha (thrice) (D:3)
  8 gnolls
  4 adders
  A dart slug (D:3)
  An orc (D:3)
  5 bats
  4 endoplasms
  A giant cockroach (D:3)
  6 goblins
  5 hobgoblins
  8 kobolds
  A quokka (D:1)
  8 ball pythons
  A frilled lizard (D:1)
  11 rats
70 creatures vanquished.

Notes
Turn   | Place    | Note
-------+----------+-------------------------------------------
     0 | D:1      | Crazydiamond the Octopode Brigand began the quest for the
                  | Orb.
     0 | D:1      | Reached XP level 1. HP: 14/14 MP: 1/1
   410 | D:1      | Reached XP level 2. HP: 14/19 MP: 2/2
   833 | D:1      | Reached skill level 6 in Stealth
  1322 | D:2      | Reached XP level 3. HP: 24/24 MP: 3/3
  1680 | D:2      | Found a shadowy altar of Dithmenos.
  1819 | D:2      | HP: 1/24 [poisoned by an adder]
  2287 | D:2      | Became a worshipper of Dithmenos the Shadowed
  2896 | D:2      | Reached skill level 7 in Stealth
  2896 | D:2      | Reached XP level 4. HP: 21/29 MP: 4/4
  3206 | D:3      | Noticed Natasha
  3608 | D:3      | Killed Natasha
  3794 | D:3      | Noticed a black bear
  3827 | D:3      | Noticed Natasha
  3836 | D:3      | Killed Natasha
  3837 | D:3      | Reached XP level 5. HP: 32/34 MP: 5/5
  4138 | D:3      | Killed a black bear
  4139 | D:3      | Reached skill level 8 in Stealth
  4205 | D:3      | Reached XP level 6. HP: 41/41 MP: 6/6
  4699 | D:3      | Noticed Natasha
  4716 | D:3      | Killed Natasha
  4765 | D:3      | Noticed Terence
  4778 | D:3      | Killed Terence
  5121 | D:2      | Reached * piety under Dithmenos
  5408 | D:4      | Slain by a phantom

Illustrated notes

Levels and vault maps discovered:
D:1:      dpeg_arrival_water_temple_mockup, layout_basic
D:2:      layout_loops_corners, basic_altar
D:3:      layout_basic, uniq_terence, uniq_natasha
D:4:      layout_layer_cave, amcnicky_altar_gilded

Skill      XL: |  1  2  3  4  5  6 |
---------------+-------------------+-----
Stealth        | 6 7 8 |  8.7
Short Blades   | 3 4 |  4.0
Fighting       | |  2.7
Throwing       | |  2.7
Dodging        | |  1.7

Action                   |  1- 3 |  4- 6 || total
-------------------------+-------+-------++-------
Melee: Dagger            |    69 |   105 ||   174
       Constrict         |    12 |    21 ||    33
       Tentacles         |    11 |    18 ||    29
Throw: Dart              |     1 |    22 ||    23
       Boomerang         |       |     1 ||     1
Evoke: Wand              |       |     1 ||     1
  Use: Potion            |     3 |       ||     3
 Stab: Sleeping          |    13 |     8 ||    21
       Distracted        |       |     1 ||     1
Armor: Skin              |     1 |     3 ||     4
Dodge: Dodged            |    23 |    54 ||    77
